 Dungeon Crawl Stone Soup version 0.22-a0-373-gab1296c (webtiles) character file.

6902 theanonym the Thaumaturge (level 10, -11/73 HPs)
             Began as a Mummy Air Elementalist on Apr 25, 2018.
             Was a Believer of Vehumet.
             Mangled by a troll (18 damage)
             ... on level 10 of the Dungeon.
             The game lasted 00:31:19 (16996 turns).

theanonym the Thaumaturge (Mummy Air Elementalist) Turns: 16996, Time: 00:31:19

Health: -11/73     AC:  4    Str: 12    XL:     10   Next: 79%
Magic:  2/24       EV: 12    Int: 17    God:    Vehumet [**....]
Gold:   479        SH:  0    Dex: 13    Spells: 14/29 levels left

rFire    . . .     SeeInvis +   a - +4 short sword (venom)
rCold    . . .     Gourm    .   (no shield)
rNeg     + + +     Faith    .   b - +0 robe
rPois    ∞         Spirit   .   (no helmet)
rElec    .         Reflect  .   v - +0 cloak
rCorr    .         Harm     .   (no gloves)
MR       +....                  q - +0 pair of boots
Stlth    ++........             (no amulet)
HPRegen  0.22/turn              g - ring of see invisible
MPRegen  0.19/turn              m - ring of fire

@: swift, very slightly contaminated, quick
A: no food or potions, fire vulnerability, cold resistance 1, negative energy
resistance 3, torment resistance, unbreathing
a: Renounce Religion


Innate Abilities, Weirdness & Mutations

You do not eat or drink.
Your flesh is vulnerable to fire.
You are immune to poison.
Your flesh is cold resistant. (rC+)
You are immune to negative energy. (rN+++)
You are immune to unholy pain and torment.
You can survive without breathing.


   Skills:
 + Level 4.6 Fighting
 - Level 1.5 Dodging
 - Level 1.5 Stealth
 - Level 10.0 Spellcasting
 + Level 8.5 Conjurations
 + Level 8.3 Air Magic


You had 14 spell levels left.
You knew the following spells:

 Your Spells              Type           Power        Failure   Level  Hunger
a - Shock                 Conj/Air       ####         1%          1    N/A
b - Static Discharge      Conj/Air       #####...     1%          3    N/A
c - Lightning Bolt        Conj/Air       #####.....   8%          5    N/A
e - Airstrike             Air            #####.....   2%          4    N/A
s - Swiftness             Chrm/Air       ###.....     2%          2    N/A

Skill      XL: |  1  2  3  4  5  6  7  8  9 10 |
---------------+-------------------------------+-----
Conjurations   | 1 2 3 4 5 6 7 8 |  8.5
Spellcasting   | 3 4 5 6 8 10 | 10.0
Air Magic      | 3 4 5 7 8 |  8.3
Fighting       | 4 |  4.6
Dodging        | |  1.5
Stealth        | |  1.5

Action                   |  1- 3 |  4- 6 |  7- 9 | 10-12 || total
-------------------------+-------+-------+-------+-------++-------
Melee: Short sword       |    25 |    13 |    74 |    35 ||   147
 Cast: Shock             |    58 |    96 |   304 |   149 ||   607
       Static Discharge  |       |     7 |    31 |    14 ||    52
       Airstrike         |       |       |    37 |    17 ||    54
       Lightning Bolt    |       |       |    18 |    23 ||    41
       Swiftness         |       |       |     4 |     1 ||     5
Evoke: Wand              |       |       |       |     3 ||     3
  Use: Scroll            |       |     7 |     8 |     6 ||    21
 Stab: Sleeping          |       |       |     1 |       ||     1
Armor: Robe              |     7 |     6 |    22 |    13 ||    48
Dodge: Dodged            |    22 |    32 |   111 |    72 ||   237

Inventory:

Hand Weapons
 a - a +4 short sword of venom (weapon)
   (You took it off a kobold on level 1 of the Dungeon)
 h - a cursed -3 dagger
   (You took it off a kobold in a sewer)
Armour
 b - a +0 robe (worn)
 c - a +0 leather armour
   (You found it on level 6 of the Dungeon)
 q - a +0 pair of boots (worn)
   (You found it on level 7 of the Dungeon)
 v - a +0 cloak (worn)
   (You found it on level 8 of the Dungeon)
Magical Staves
 p - an uncursed staff of fire
   (You found it on level 7 of the Dungeon)
Jewellery
 g - a ring of see invisible (left hand)
   (You found it on level 2 of the Dungeon)
 m - a ring of fire (right hand)
   (You found it on level 9 of the Dungeon)
 x - an uncursed ring of protection from cold
   (You found it on level 8 of the Dungeon)
Wands
 j - a wand of iceblast (4)
   (You found it on level 5 of the Dungeon)
 k - a wand of flame (67)
   (You took it off Ijyb on level 5 of the Dungeon)
 s - a wand of scattershot (4)
   (You took it off a centaur on level 8 of the Dungeon)
 u - a wand of polymorph (12)
   (You found it on level 10 of the Dungeon)
Scrolls
 d - 4 scrolls of enchant armour
 e - 2 scrolls of immolation
 f - 2 scrolls of fog
 i - 3 scrolls of noise
 n - 8 scrolls of remove curse
 o - a scroll of summoning
 r - 3 scrolls of identify
 t - 3 scrolls of teleportation {!r}
 y - a scroll of magic mapping


You were on level 10 of the Dungeon.
You worshipped Vehumet.
Vehumet was pleased with you.
You were not hungry.

You visited 2 branches of the dungeon, and saw 12 of its levels.
You also visited: Sewer.

You collected 479 gold pieces.

Dungeon Overview and Level Annotations

Branches:
Dungeon (11/15)            Temple (1/1) D:7            Lair (0/6) D:11
    Orc (0/2) D:11

Altars:
Ashenzari
Cheibriados
Dithmenos
Elyvilon
Fedhas
Gozag
Hepliaklqana
Kikubaaqudgha
Makhleb
Nemelex Xobeh
Okawaru
Qazlal
Ru
Sif Muna
Trog
Uskayaw
Vehumet
Wu Jian
Xom
Yredelemnul
Zin
The Shining One

#.# #. #.######. #######.....##.
#.............. #.#####..##.##.
##.#####..##.##.
#....%##..##....
###############..##.##..#####.
##....(......T@...##.##..#####.
##.....###########..............
#.......# #......########
#.......# #.##.#.### # #.......#
########........# # ##.....##
#.....##......#.###### ##...##
#...(.#.......#....... #.###
#..................... #.#
#.....#..)....#.......


You could see a troll.

Notes
Turn   | Place    | Note
-------+----------+-------------------------------------------
     0 | D:1      | theanonym the Mummy Air Elementalist began the quest for the Orb.
     0 | D:1      | Reached XP level 1. HP: 13/13 MP: 4/4
    69 | D:1      | Reached skill level 1 in Conjurations
   211 | D:1      | Reached XP level 2. HP: 13/19 MP: 0/5
   319 | D:1      | Reached skill level 3 in Spellcasting
  1066 | D:2      | Reached XP level 3. HP: 20/24 MP: 2/7
  1181 | D:2      | Learned a level 3 spell: Static Discharge
  1184 | D:2      | Learned a level 2 spell: Swiftness
  1229 | D:2      | Reached skill level 2 in Conjurations
  1245 | D:2      | HP: 12/24 [adder (5)]
  1267 | D:2      | HP: 10/24 [hobgoblin/club (4)]
  1754 | D:2      | Reached XP level 4. HP: 19/30 MP: 7/9
  2112 | D:3      | Reached skill level 3 in Air Magic
  2180 | D:3      | HP: 15/30 [orc wizard/magic dart (10)]
  2414 | D:3      | HP: 11/30 [orc wizard/magic dart (7)]
  2607 | D:3      | Learned a level 4 spell: Airstrike
  2761 | D:3      | Found a shadowy altar of Dithmenos.
  2771 | D:3      | Reached XP level 5. HP: 30/35 MP: 4/10
  2880 | D:3      | Reached skill level 4 in Spellcasting
  2880 | D:3      | Reached skill level 3 in Conjurations
  3139 | D:3      | Noticed Ijyb
  3172 | D:3      | HP: 12/35 [Ijyb/wand of flame (17) (12)]
  3417 | D:3      | You fall through a shaft for 3 floors!
  3419 | D:6      | Noticed a phantom
  3481 | D:6      | Killed a phantom
  3481 | D:6      | Reached XP level 6. HP: 41/41 MP: 0/12
  3632 | D:6      | Found a shattered altar of Ashenzari.
  3656 | D:5      | Entered Level 5 of the Dungeon
  3781 | D:5      | Reached skill level 4 in Conjurations
  3888 | D:5      | Reached skill level 5 in Spellcasting
  4005 | D:5      | Noticed an ice beast
  4012 | D:5      | Killed an ice beast
  4012 | D:5      | Reached XP level 7. HP: 46/46 MP: 4/14
  4140 | D:5      | Reached skill level 4 in Air Magic
  4242 | D:5      | Learned a level 5 spell: Lightning Bolt
  4311 | D:5      | Noticed a dagger
  4313 | D:5      | Found a hide-covered altar of Uskayaw.
  4314 | D:5      | Noticed a dagger
  4404 | D:5      | Found a stormy altar of Qazlal.
  4433 | D:5      | HP: 22/46 [adder (3)]
  4876 | D:4      | Noticed Megalobster's ghost (weakling HuFi)
  4880 | D:4      | Killed Megalobster's ghost
  4979 | D:4      | HP: 23/46 [adder (4)]
  4984 | D:4      | Found a glowing drain.
  5087 | Sewer    | Entered a sewer
  5298 | Sewer    | Reached skill level 6 in Spellcasting
  6444 | D:3      | Found a sparkling altar of Nemelex Xobeh.
  6641 | D:3      | Found a sparkling altar of Nemelex Xobeh.
  6699 | D:3      | Found a shadowy altar of Dithmenos.
  7123 | D:4      | Reached skill level 5 in Conjurations
  7138 | D:4      | Reached XP level 8. HP: 48/52 MP: 6/17
  8298 | D:5      | Killed Ijyb
  8584 | D:6      | Reached skill level 5 in Air Magic
  8693 | D:6      | Reached skill level 7 in Spellcasting
  9445 | D:6      | Reached skill level 6 in Conjurations
  9446 | D:6      | HP: 22/52 [wight/enchanted dagger (9)]
  9459 | D:6      | Reached skill level 8 in Spellcasting
  9975 | D:7      | Reached XP level 9. HP: 36/57 MP: 4/21
 10192 | D:7      | Reached skill level 6 in Air Magic
 10367 | D:7      | Found an iron altar of Okawaru.
 10404 | D:7      | Found a shimmering altar of Xom.
 10457 | D:7      | Found a staircase to the Ecumenical Temple.
 10465 | Temple   | Entered the Ecumenical Temple
 10708 | Temple   | Became a worshipper of Vehumet
 10913 | D:7      | Found a glowing silver altar of Zin.
 11411 | D:8      | Reached skill level 9 in Spellcasting
 11527 | D:8      | HP: 21/57 [orc warrior/dire flail (22)]
 12096 | D:9      | HP: 21/57 [killer bee (10)]
 12097 | D:9      | Reached skill level 7 in Conjurations
 12308 | D:9      | Reached * piety under Vehumet
 12308 | D:9      | Offered knowledge of Sandblast by Vehumet.
 12746 | D:9      | Reached skill level 7 in Air Magic
 12781 | D:9      | HP: 23/57 [yak (14)]
 12785 | D:9      | Reached skill level 10 in Spellcasting
 12785 | D:9      | Reached XP level 10. HP: 26/63 MP: 0/24
 13209 | D:9      | Found a white marble altar of Elyvilon.
 13255 | D:8      | Reached skill level 1 in Fighting
 13266 | D:8      | HP: 30/65 [bullfrog (3)]
 13507 | D:8      | Offered knowledge of Sting by Vehumet.
 13522 | D:8      | Reached ** piety under Vehumet
 13522 | D:8      | Reached skill level 2 in Fighting
 13530 | D:8      | HP: 28/67 [killer bee (8)]
 13532 | D:8      | HP: 13/67 [killer bee (10)]
 14095 | D:8      | Found a blossoming altar of Fedhas.
 14810 | D:10     | Entered Level 10 of the Dungeon
 15030 | D:10     | HP: 31/69 [yak (10)]
 15032 | D:10     | Reached skill level 3 in Fighting
 15032 | D:10     | Reached skill level 8 in Conjurations
 15620 | D:11     | Noticed a red ugly thing
 15748 | D:11     | HP: 28/71 [yak (8)]
 15749 | D:11     | Offered knowledge of Searing Ray by Vehumet.
 15749 | D:11     | Reached skill level 8 in Air Magic
 15751 | D:11     | HP: 8/71 [yak (10)]
 16081 | D:10     | Reached skill level 4 in Fighting
 16083 | D:10     | HP: 31/71 [yak (10)]
 16423 | D:11     | HP: 33/72 [water elemental (8)]
 16425 | D:11     | HP: 3/72 [water elemental (16)]
 16863 | D:11     | Noticed a cyclops
 16974 | D:10     | HP: 27/73 [something (10)]
 16974 | D:10     | HP: 12/73 [troll (15)]
 16980 | D:10     | HP: 9/73 [troll (5)]
 16994 | D:10     | HP: 7/73 [troll (5)]
 16996 | D:10     | Mangled by a troll

Vanquished Creatures
  A troll (D:11)
  A meliai zombie (D:7)
  2 hippogriffs
  A spriggan (D:7)
  11 yaks
  A water elemental (D:11)
  A hungry ghost (D:8)
  2 sky beasts (D:6)
  2 orc warriors
  A black bear (D:7)
  2 phantoms (D:6)
  2 ice beasts
  4 ogres
  A necrophage (D:5)
  3 centaurs
  2 big kobolds
  3 bullfrogs
  A wyvern skeleton (D:8)
  2 scorpions
  4 killer bees
  5 wights (D:6)
  4 howler monkeys
  4 crimson imps
  2 jellies
  2 quasits
  7 orc priests
  2 bullfrog skeletons
  Ijyb (D:5)
  An iguana (D:8)
  7 orc wizards
  16 worker ants
  A killer bee zombie (D:8)
  The ghost of Megalobster the Covered, a weakling HuFi (D:4)
  A hound zombie (D:8)
  A hound skeleton (D:11)
  A gnoll (D:7)
  A howler monkey skeleton (D:8)
  16 adders
  7 river rats
  2 shadow imps
  An ooze (D:1)
  A worm (D:2)
  4 dart slugs
  5 leopard geckos
  34 orcs
  8 ball pythons
  10 bats
  4 giant cockroaches
  11 goblins
  9 hobgoblins
  4 jackals (D:9)
  36 kobolds
  3 quokkas
  7 frilled lizards
  A leopard gecko skeleton (D:5)
  25 rats
292 creatures vanquished.

Table legend:
 A = Turns spent in this place as a percentage of turns spent in the entire game.
 B = Non-inter-level travel turns spent in this place as a percentage of non-inter-level travel turns spent in the entire game.
 C = Inter-level travel turns spent in this place as a percentage of turns spent in this place.
 D = Turns resting spent in this place as a percentage of non-inter-level travel turns spent in this place.
 E = Turns spent auto-exploring this place as a percentage of non-inter-level travel turns spent in this place.
 F = Non-inter-level travel turns spent in this place divided by the number of levels of this place that you've seen.
                   A       B       C       D       E      F
               +-------+-------+-------+-------+-------+----------------------
         Total | 100.0 | 100.0 |   3.7 |  49.6 |  39.6 | 1259.6
       Dungeon |  92.4 |  92.3 |   3.7 |  49.5 |  39.7 | 1374.2
        Temple |   2.7 |   2.6 |   7.1 |  44.8 |  54.1 | 431.0
         Sewer |   4.9 |   5.1 |   0.0 |  53.4 |  29.3 | 828.0
               +-------+-------+-------+-------+-------+----------------------
